 Dungeon Sprint DCSS version bcrawl-1.21.3 (webtiles) character file.

Game seed: 3033932501930927900

350 Arthanis the Skirmisher (level 6, -23/60 HPs)
             Began as a Sand Dwarf Monk on Mar 26, 2020.
             Was a Priest of Qazlal.
             Killed from afar by an ice dragon (44 damage)
             ... with a blast of cold
             ... in the Dungeon (Sprint V: "Ziggurat Sprint").
             The game lasted 00:04:02 (142 turns).

Arthanis the Skirmisher (Sand Dwarf Monk)            Turns: 142, Time: 00:04:03

Health: -23/60     AC: 27    Str: 27    XL:     6   Next: 60%
Magic:  11/11      EV:  5    Int: 13    God:    Qazlal [***...]
Gold:   0          SH: 33    Dex: 13    Spells: 6/9 levels left

rFire    . . .     SeeInvis .   a - +0 spear
rCold    . . .     Gourm    .   P - +18 shield of the Gong {rElec rN+ MR+ EV-5}
rNeg     + . .     Faith    .   O - +15 Maxwell's patent armour {-Cast -Tele rElec MR+ rCorr}
rPois    .         Spirit   .   c - +0 hat
rElec    +         Reflect  .   (no cloak)
rCorr    +         Harm     .   (no gloves)
MR       ++...     NoTele   +   (no boots) Stlth ..........NoCast +
                                (no amulet)
HPRegen  0.20/turn              E - +6 ring of strength
MPRegen  0.12/turn              F - +6 ring of strength

@: marked, berserk cooldown, very slightly contaminated, slowed, very slow
A: small, slowness 1, armour attunement
a: Upheaval, Elemental Force, Renounce Religion


You were in the Dungeon.
You worshipped Qazlal.
Qazlal was most pleased with you.
You were not hungry.

You visited 1 branch

Inventory:

Hand Weapons
 a - a +0 spear (weapon)
 I - the +6 shillelagh "Devastator" {shatter}
   (You found it in the Dungeon)
 J - the +8 lance "Wyrmbane" {slay drac, rPois rF+ rC+ AC+3}
   (You found it in the Dungeon)

   It affects your AC (+3).
   It protects you from fire.
   It protects you from cold.
   It protects you from poison.
 K - the +9 sword of Zonguldrok {reap}
   (You found it in the Dungeon)

   If a monster killed with it leaves a corpse in good enough shape, the corpse
   will be animated as a zombie friendly to the killer.
 L - the +7 Singing Sword {slice}
   (You found it in the Dungeon)

   It inflicts extra damage upon your enemies.
 M - the +6 Majin-Bo {vamp, *Drain Str+12 Int+24}
   (You found it in the Dungeon)

   It inflicts no extra harm, but heals its wielder when it wounds a living foe.
   It affects your strength (+12).
   It affects your intelligence (+24).
   It causes draining when unequipped.
 N - the +9 heavy crossbow "Sniper" {velocity, Acc+∞ SInv}
   (You found it in the Dungeon)

   Any bolt fired from it inflicts extra damage.
   It lets you see invisible.
 Q - the cursed +14 obsidian axe {chop, +Fly SInv *Curse}
   (You found it in the Dungeon)

   It inflicts extra damage upon your enemies.
   It lets you see invisible.
   It lets you fly.
   It curses itself when equipped.
   It has a curse placed upon it.
 R - the +10 dark maul {crush}
   (You found it in the Dungeon)

   It inflicts extra damage upon your enemies.
Armour
 b - a +0 robe
 c - a +0 hat (worn)
 O - the +15 Maxwell's patent armour (worn) {-Cast -Tele rElec MR+ rCorr}
   (You found it in the Dungeon)

   It insulates you from electricity.
   It affects your resistance to hostile enchantments.
   It prevents spellcasting.
   It prevents most forms of teleportation.
   It provides partial protection from all sources of acid and corrosion.
 P - the +18 shield of the Gong (worn) {rElec rN+ MR+ EV-5}
   (You found it in the Dungeon)

   It affects your evasion (-5).
   It insulates you from electricity.
   It protects you from negative energy.
   It affects your resistance to hostile enchantments.
Magical Staves
 z - an uncursed staff of energy
Jewellery
 A - a +6 ring of dexterity
 B - a +6 ring of dexterity
 C - a +6 ring of intelligence
 D - a +6 ring of intelligence
 E - a +6 ring of strength (left hand)
 F - a +6 ring of strength (right hand)
 H - an uncursed ring of flight
Wands
 w - a wand of disintegration (7)
 x - a wand of iceblast (6)
 y - a wand of acid (6)
Scrolls
 k - 4 scrolls of blinking
 r - 4 scrolls of amnesia
 s - 7 scrolls of fog
 t - 5 scrolls of identify
 u - 5 scrolls of remove curse
 v - 2 scrolls of fear
Potions
 f - 10 potions of curing
 g - 8 potions of heal wounds
 h - 6 potions of haste
 i - 7 potions of magic
 j - 2 potions of berserk rage
 l - 2 potions of brilliance
 m - a potion of invisibility
 n - 4 potions of resistance
 p - 5 potions of agility
 q - 4 potions of might
Miscellaneous
 G - a lightning rod (4/4)
Comestibles
 e - 7 rations {!d}


   Skills:
 + Level 7.3 Fighting
 + Level 4.3 Long Blades
 - Level 2.6 Polearms
 + Level 6.2 Armour
 + Level 5.0 Dodging
 - Level 1.5 Stealth
 + Level 5.2 Shields
 - Level 2.2 Spellcasting
 + Level 4.4 Invocations
 + Level 6.8 Evocations


You had 6 spell levels left.
You knew the following spells:

 Your Spells              Type           Power        Failure   Level  Hunger
a - Regeneration          Chrm/Necr      #.........   97%         3    ####...

Your spell library contained the following spells:

 Spells                   Type           Power        Failure   Level  Hunger
 Animate Skeleton         Necr           N/A          71%         1    ##.....
 Pain                     Necr           #.....       71%         1    ##.....
 Vampiric Draining        Necr           #.........   97%         3    ####...
 Animate Dead             Necr           N/A          100%        4    #####..
 Bolt of Draining         Conj/Necr      #.........   100%        5    ######.


Dungeon Overview and Level Annotations

Branches:
Dungeon (1/1)

Altars:
Ashenzari
Cheibriados
Dithmenos
Elyvilon
Fedhas
Gozag
Hepliaklqana
Kikubaaqudgha
Lugonu
Makhleb
Nemelex Xobeh
Okawaru
Qazlal
Ru
Sif Muna
Trog
Uskayaw
Vehumet
Wu Jian
Xom
Yredelemnul
Zin
The Shining One
Beogh
Jiyva

Annotations:
D 1 transporter


Innate Abilities, Weirdness & Mutations

You are small and have problems with some larger weapons.
You cover ground slowly.
Armour does not affect your spellcasting.


Message History

GONNNNG!
You see here 4 potions of haste.
You block the ogre mage's attack.
PTOANNNG!
The ironheart preserver casts a spell.
The ironheart preserver begins to accept its allies' injuries.
The vault sentinel blows a loud note on a signal horn!
The ogre mage hits you.
You block the ironheart preserver's attack.
GONNNNG!
You block the ice dragon's attack.
SHROANNG!
The ice dragon claws you but does no damage.
The ice dragon closely misses you.
The ogre mage hits you but does no damage.
You see here a +0 falchion.
The ice dragon breathes frost at you. The blast of cold hits you!!!
Ouch! That really hurt!
You die...

▓▓▓▓▓▓▓▓▓▓▓▓▓▓▓▓▓▓▓
▓.8©8@▓.8©8.▓.8©8.▓
▓.=D)O▓."=).▓.....▓
▓..p.p▓.....▓...).▓
▓.....▓.....▓.....▓
▓.....▓...†.▓..|..▓
▓.....▓.....▓..©..▓
▓..©..▓..©..▓▓▓▓▓▓▓
▓▓▓▓▓▓▓▓▓▓▓▓▓


You could see an ironheart preserver, an ice dragon, an ogre mage and a vault
sentinel.

Vanquished Creatures
  A jumping spider (D)
  2 scorpions (D)
  An orc wizard (D)
  An orc (D)
5 creatures vanquished.

Notes
Turn   | Place    | Note
-------+----------+-------------------------------------------
     0 | D        | Arthanis the Sand Dwarf Monk began the quest for the Orb.
     0 | D        | Reached XP level 1. HP: 19/19 MP: 2/2
     0 | D        | Found a shimmering blue altar of Sif Muna.
     0 | D        | Found a sacrificial altar of Ru.
     0 | D        | Found a bloodstained altar of Trog.
     0 | D        | Found a stormy altar of Qazlal.
     0 | D        | Found an iron altar of Okawaru.
     0 | D        | Found a sparkling altar of Nemelex Xobeh.
     0 | D        | Found a blossoming altar of Fedhas.
     1 | D        | Found the +6 Majin-Bo {vamp, *Drain Str+12 Int+24}
     1 | D        | Found the +7 great mace "Firestarter" {inner flame, rF++}
     2 | D        | Found a transporter.
     2 | D        | Found an ancient bone altar of Kikubaaqudgha.
     2 | D        | Found a viscous altar of Jiyva.
     2 | D        | Found a corrupted altar of Lugonu.
     2 | D        | Found a hazy altar of Hepliaklqana.
     2 | D        | Found a burning altar of Makhleb.
     2 | D        | Found an opulent altar of Gozag.
    22 | D        | Became a worshipper of Qazlal Stormbringer
    22 | D        | Reached * piety under Qazlal
    22 | D        | Reached ** piety under Qazlal
    27 | D        | Found the +6 shillelagh "Devastator" {shatter}
    27 | D        | Found the +11 plutonium sword {*Contam Stlth-}
    27 | D        | Found the +8 lance "Wyrmbane" {slay drac, rPois rF+ rC+
                  | AC+3}
    27 | D        | Found the +9 sword of Zonguldrok {reap}
    27 | D        | Found the cursed +13 scythe of Curses {drain, *Curse}
    27 | D        | Found the +0 sword of Power
    27 | D        | Found the +7 mace of Variability {chain chaos}
    27 | D        | Found the +7 Singing Sword {slice}
    27 | D        | Found the +7 longbow "Piercer" {penet, EV-2}
    29 | D        | Found the +9 heavy crossbow "Sniper" {velocity, Acc+∞ SInv}
    29 | D        | Found the +10 dark maul {crush}
    29 | D        | Found the +15 Maxwell's patent armour {-Cast -Tele rElec
                  | MR+ rCorr}
    29 | D        | Found the +18 shield of the Gong {rElec rN+ MR+ EV-5}
    29 | D        | Found the cursed +14 obsidian axe {chop, +Fly SInv *Curse}
    48 | D        | Reached skill level 4 in Fighting
    48 | D        | Reached XP level 2. HP: 28/28 MP: 3/5
    52 | D        | Entered arena 2.
    52 | D        | Found a transporter.
    76 | D        | Reached skill level 5 in Fighting
    76 | D        | Reached XP level 3. HP: 35/36 MP: 6/6
    86 | D        | Learned a level 3 spell: Regeneration
    88 | D        | Entered arena 3.
    88 | D        | Noticed a scorpion
    88 | D        | Noticed a jumping spider
    88 | D        | Noticed a scorpion
    88 | D        | Found a transporter.
    99 | D        | Killed a scorpion
    99 | D        | Reached XP level 4. HP: 41/44 MP: 3/7
   111 | D        | Killed a jumping spider
   111 | D        | Reached *** piety under Qazlal
   111 | D        | Reached skill level 7 in Fighting
   111 | D        | Reached XP level 5. HP: 51/52 MP: 4/9
   111 | D        | Reached XP level 6. HP: 59/60 MP: 4/10
   112 | D        | Reached skill level 5 in Dodging
   112 | D        | Reached skill level 5 in Shields
   128 | D        | Entered arena 4.
   128 | D        | Noticed an ogre mage
   128 | D        | Noticed an ice dragon
   128 | D        | Noticed a vault sentinel
   128 | D        | Noticed an ironheart preserver
   128 | D        | Found a transporter.
   129 | D        | Identified the +7 great sword "Qogust" {slice, rC- Str+3
                  | Int+4}
   142 | D        | Killed from afar by an ice dragon

Skill      XL: |  1  2  3  4  5  6 |
---------------+-------------------+-----
Fighting       | 4 5 7 |  7.3
Long Blades    | 2 4 |  4.3
Armour         | 3 4 6 |  6.2
Dodging        | 3 4 5 |  5.0
Shields        | 2 3 4 5 |  5.2
Spellcasting   | 2 |  2.2
Evocations     | 3 4 6 |  6.8
Invocations    | 2 4 |  4.4
Polearms       | |  2.6
Stealth        | |  1.5

Action                   |  1- 3 |  4- 6 || total
-------------------------+-------+-------++-------
Melee: Spear             |    31 |    14 ||    45
Evoke: Wand              |       |     2 ||     2
  Use: Potion            |     3 |     3 ||     6
Armor: Plate armour      |    12 |    15 ||    27
Dodge: Dodged            |     1 |     5 ||     6
Block: Medium shield     |    46 |    42 ||    88
